 Dungeon Crawl Stone Soup version 0.31-a0-765-g67fe2935dc (webtiles) character file.

Game seed: 6994231612646818803

13101 Armakuni the Basher (level 12, -2/88 HPs)
             Began as a Human Fighter on Sept 15, 2023.
             Was an Elder of Vehumet.
             Slain by a troll (4 damage)
             ... on level 12 of the Dungeon.
             The game lasted 00:31:52 (14703 turns).

Armakuni the Basher (Human Fighter)                Turns: 14703, Time: 00:31:53

Health: -2/88      AC:  5    Str: 16    XL:     12   Next: 28%
Magic:  13/13      EV: 12    Int: 21    God:    Vehumet [****..]
Gold:   679        SH:  5    Dex: 12    Spells: 6/13 levels left

rFire   . . .        a - +3 whip (elec)
rCold   + . .        c - +0 buckler
rNeg    . . .        d - +0 acid dragon scales
rPois   .            l - +0 helmet
rElec   .            M - +0 cloak
rCorr   +            (no gloves)
SInv    .            (no boots)
Will    .....        (no amulet)
Stlth   +            J - ring of protection from cold
HPRegen 0.34/turn    I - +6 ring of intelligence
MPRegen 0.13/turn

%: no passive effects
@: corroded, invisible (expiring)
A: no striking features
a: Renounce Religion


You were on level 12 of the Dungeon.
You worshipped Vehumet.
Vehumet was greatly pleased with you.
You visited 2 branches of the dungeon, and saw 13 of its levels.
You also visited: Sewer and Ossuary.

You collected 679 gold pieces.

Inventory:

Hand Weapons
 a - a +3 whip of electrocution (weapon)
 b - a +0 flail of draining
Missiles
 p - 9 boomerangs
Armour
 c - a +0 buckler (worn)
 d - +0 acid dragon scales (worn)
 l - a +0 helmet (worn)
 t - an orb of light
 M - a +0 cloak (worn)
Magical Staves
 s - a staff of death
 L - a staff of air
Jewellery
 v - a ring of positive energy
 I - a +6 ring of intelligence (right hand)
 J - a ring of protection from cold (left hand)
 P - a ring of magical power
Wands
 k - a wand of digging (9)
Scrolls
 n - a scroll of fear
 x - 2 scrolls of amnesia
 z - 4 scrolls of fog
 C - 2 scrolls of revelation
 D - 4 scrolls of noise
 E - 2 scrolls of blinking
 G - 2 scrolls of teleportation
 H - 2 scrolls of poison
 Q - a scroll of torment
Potions
 f - 2 potions of mutation
 g - 3 potions of enlightenment
 m - 2 potions of haste {unknown}
 o - a potion of invisibility
 q - 6 potions of brilliance
 w - 8 potions of curing
 K - 3 potions of ambrosia
 O - 4 potions of attraction
Miscellaneous
 N - a lightning rod (1/4)


   Skills:
 - Level 6.0 Fighting
 - Level 11.9(12.0) Maces & Flails
 - Level 1.3(7.7) Staves
 - Level 5.0 Armour
 - Level 4.0 Dodging
 - Level 7.1 Shields
 - Level 1.0 Spellcasting
 + Level 3.0 Conjurations
 + Level 2.5 Translocations
 - Level 10.0 Evocations


You had 6 spell levels left.
You knew the following spells:

 Your Spells              Type           Power      Damage    Failure   Level
a - Apportation           Tloc           22%        N/A       10%         1
b - Blink                 Tloc           22%        N/A       14%         2
m - Iskenderun's Mystic   Conj/Tloc      12%        2d5       22%         4

Your spell library contained the following spells:

 Spells                   Type           Power      Damage    Failure   Level
 Necrotise                Necr           4%         1d4       26%         1
 Summon Small Mammal      Summ           4%         N/A       26%         1
 Ensorcelled Hibernation  Hex/Ice        2%         N/A       38%         2
 Jinxbite                 Hex            2%         N/A       38%         2
 Manifold Assault         Tloc           11%        N/A       67%         4
 Arcjolt                  Conj/Air       3%         1d13      67%         5
 Vhi's Electric Charge    Tloc/Air       12%        N/A       85%         4
 Anguish                  Hex/Necr       0%         N/A       95%         4
 Malign Gateway           Summ/Tloc      3%         N/A       100%        7
 Maxwell's Capacitive Co  Air            0%         ∞         100%        8
 Summon Horrible Things   Summ           0%         N/A       100%        8


Dungeon Overview and Level Annotations

Branches:
Dungeon (12/15)            Temple (1/1) D:7            Lair (0/5) D:11
    Orc (0/2) D:9           Sewer (visited)         Ossuary (visited)

Altars:
Ashenzari
Dithmenos
Elyvilon
Fedhas
Gozag
Hepliaklqana
Kikubaaqudgha
Makhleb
Nemelex Xobeh
Okawaru
Qazlal
Ru
Sif Muna
Trog
Uskayaw
Vehumet
Wu Jian
Xom
Yredelemnul
Zin
The Shining One

Shops:
D:8 =   D:10 *

Annotations:
D:9 3 runed translucent doors
D:11 Erica, Psyche


Message History

You are splashed with acid.
You resist.
You barely miss the brown ugly thing.
The brown ugly thing is severely wounded.
You barely miss the brown ugly thing.
The brown ugly thing is severely wounded.
The brown ugly thing pecks you.
* * * LOW HITPOINT WARNING * * *
You are splashed with acid.
You resist.
* * * LOW HITPOINT WARNING * * *
You strike the helpless brown ugly thing from behind!
You hit the brown ugly thing.
Lightning courses through the brown ugly thing!!
You kill the brown ugly thing!
Vehumet accepts your kill.
Your lightning rod (1/4) has regained one charge.
Your Conjurations skill increases to level 3!
You hit the troll but do no damage.
The troll is lightly wounded.
You catch the helpless troll completely off-guard!
You hit the troll but do no damage.
The troll is lightly wounded.
The troll barely misses you. The troll claws you!
* * * LOW HITPOINT WARNING * * *
The troll closely misses you.
You hit the troll but do no damage.
The troll is lightly wounded.
You closely miss the troll.
The troll is lightly wounded.
You block the troll's attack. The troll claws you.
* * * LOW HITPOINT WARNING * * *
You block the troll's attack.
You hit the troll.
The troll is moderately wounded.
You flicker for a moment.
You hit the troll but do no damage.
The troll is moderately wounded.
The troll bites you!
* * * LOW HITPOINT WARNING * * *
The troll barely misses you. The troll claws you.
You die...

#....#>.....#
#...........
#...#.[.[.#
#..<......#
#T###.....#
#.......#!#
#####.#.....
#T# #.## #@#
# #.# #.....#
#######


You could see a troll (unable to see you).

Vanquished Creatures
  Snorg (D:11)
  2 two-headed ogres
  An ugly thing (D:12)
  A cyclops (D:7)
  An unseen horror (D:8)
  A kobold demonologist (D:10)
  3 shadows
  2 vampires
  2 wraiths
  22 yaks
  A steam dragon (D:9)
  Menkaure (D:5)
  An acid dragon (D:8)
  2 water moccasins
  A sky beast (D:7)
  5 ice beasts
  4 orc warriors
  2 black bears (D:7)
  2 ogres (D:5)
  A wolf (D:11)
  3 centaurs (D:10)
  2 phantoms
  4 kobold brigands
  2 bullfrogs
  2 scorpions (D:5)
  2 gnoll sergeants
  3 wights
  4 water moccasin zombies (Ossuary)
  17 killer bees
  3 troll zombies (D:9)
  11 orc priests
  2 hounds
  2 jellies (D:5)
  A sleepcap (D:3)
  3 gnoll boudas
  4 iguanas
  12 orc wizards
  Ijyb (D:5)
  5 ogre zombies (D:9)
  2 mummies (Ossuary)
  18 gnolls
  11 adders
  2 shadow imps
  A white imp (D:7)
  2 ufetubi
  2 adder zombies (Ossuary)
  6 worms
  46 orcs
  7 ball pythons
  3 bats
  12 endoplasms
  3 giant cockroaches
  7 goblins
  6 hobgoblins
  6 jackals (D:1)
  5 quokkas
  A frilled lizard (D:3)
  3 gnoll zombies (Ossuary)
  3 goblin skeletons (D:9)
  6 goblin zombies (D:9)
  2 hobgoblin skeletons (D:9)
  5 hobgoblin zombies
  18 kobolds
  6 kobold zombies (Ossuary)
  3 orc skeletons (D:9)
  15 orc zombies
  7 rats
347 creatures vanquished.

Vanquished Creatures (others)
  A wolf (D:11)
  An orc (D:8)
2 creatures vanquished.

Grand Total: 349 creatures vanquished

Notes
Turn   | Place    | Note
-------+----------+-------------------------------------------
     0 | D:1      | Armakuni the Human Fighter began the quest for the Orb.
     0 | D:1      | Reached XP level 1. HP: 18/18 MP: 1/1
   135 | D:1      | Reached XP level 2. HP: 23/24 MP: 2/2
   433 | D:1      | Reached XP level 3. HP: 23/29 MP: 3/3
   827 | D:2      | Reached skill level 3 in Maces & Flails
   896 | D:2      | Reached XP level 4. HP: 32/35 MP: 4/4
   970 | D:2      | Found a faded altar of an unknown god.
  1356 | D:3      | Reached XP level 5. HP: 36/41 MP: 5/5
  1418 | D:3      | Found a sacrificial altar of Ru.
  1519 | D:3      | Reached skill level 4 in Maces & Flails
  2135 | D:4      | Reached skill level 1 in Staves
  2135 | D:4      | Reached XP level 6. HP: 43/47 MP: 6/6
  2178 | D:4      | Reached skill level 5 in Shields
  2185 | D:4      | Found a shimmering blue altar of Sif Muna.
  2208 | D:4      | Found a sand-covered staircase.
  2213 | Ossuary  | Entered an ossuary
  2427 | Ossuary  | Reached XP level 7. HP: 49/52 MP: 7/7
  2440 | Ossuary  | Reached skill level 5 in Maces & Flails
  2767 | D:4      | Found a basalt altar of Yredelemnul.
  2828 | D:4      | Found a glowing silver altar of Zin.
  3212 | D:5      | Entered Level 5 of the Dungeon
  3212 | D:5      | Noticed Ijyb
  3212 | D:5      | Found a glowing drain.
  3223 | D:5      | Killed Ijyb
  3267 | Sewer    | Entered a sewer
  3369 | Sewer    | Noticed a water moccasin
  3373 | Sewer    | Killed a water moccasin
  3499 | D:5      | Reached skill level 6 in Maces & Flails
  3499 | D:5      | Reached XP level 8. HP: 58/58 MP: 8/8
  3814 | D:5      | Reached skill level 1 in Evocations
  4396 | D:5      | Reached XP level 9. HP: 47/63 MP: 9/9
  4579 | D:5      | Noticed Menkaure
  4588 | D:5      | Killed Menkaure
  4589 | D:5      | Reached skill level 5 in Evocations
  6399 | D:7      | Found a hide-covered altar of Uskayaw.
  6602 | D:7      | Found a staircase to the Ecumenical Temple.
  6616 | Temple   | Entered the Ecumenical Temple
  6628 | Temple   | Became a worshipper of Vehumet
  6642 | D:7      | Noticed a cyclops
  6677 | D:7      | Killed a cyclops
  6690 | D:7      | Reached XP level 10. HP: 27/70 MP: 10/10
  7030 | D:7      | Reached skill level 10 in Evocations
  7154 | D:7      | Found an iron altar of Okawaru.
  7277 | D:7      | Found a shimmering altar of Xom.
  7326 | D:7      | Reached skill level 7 in Maces & Flails
  8178 | D:8      | Killed an unseen horror
  8179 | D:8      | Reached skill level 8 in Maces & Flails
  8777 | D:8      | Found a broken altar of Ashenzari.
  8923 | D:8      | Reached * piety under Vehumet
  8923 | D:8      | Offered knowledge of Kiss of Death by Vehumet.
  9197 | D:8      | Found Moatew's One-of-a-Kind Rings.
  9400 | D:8      | Reached skill level 9 in Maces & Flails
 10229 | D:9      | Found a sparkling altar of Nemelex Xobeh.
 10264 | D:9      | Reached skill level 10 in Maces & Flails
 10265 | D:9      | Reached XP level 11. HP: 75/75 MP: 11/11
 10629 | D:9      | Reached ** piety under Vehumet
 10629 | D:9      | Offered knowledge of Poisonous Vapours by Vehumet.
 10767 | D:9      | Found a staircase to the Orcish Mines.
 10820 | D:9      | Reached skill level 11 in Maces & Flails
 11051 | D:9      | Offered knowledge of Inner Flame by Vehumet.
 11228 | D:9      | Reached *** piety under Vehumet
 11318 | D:9      | Found a runed translucent gate.
 11318 | D:9      | Noticed a glowing orange brain
 11319 | D:9      | Found a runed translucent gate.
 11319 | D:9      | Found a runed translucent gate.
 11319 | D:9      | Noticed a white ugly thing
 11319 | D:9      | Noticed a wolf spider
 11320 | D:9      | a wolf spider changed into a merfolk
 11320 | D:9      | Noticed a green ugly thing
 11320 | D:9      | Noticed a green ugly thing
 11321 | D:9      | a merfolk changed into an anaconda
 11321 | D:9      | Noticed an anaconda (glowing shapeshifter)
 11591 | D:9      | Noticed a purple ugly thing
 11591 | D:9      | Noticed a red ugly thing
 11910 | D:9      | Found a bloodstained altar of Trog.
 12059 | D:9      | Noticed a two-headed ogre
 12062 | D:9      | a two-headed ogre changed into a floating eye
 12067 | D:9      | a floating eye changed into a steelbarb worm
 12067 | D:9      | Noticed a steelbarb worm (glowing shapeshifter)
 12070 | D:9      | a steelbarb worm changed into a swamp worm
 12093 | D:10     | Entered Level 10 of the Dungeon
 12131 | D:10     | Noticed a two-headed ogre
 12131 | D:10     | Found Reclyt's General Store.
 12134 | D:10     | Killed a two-headed ogre
 12136 | D:10     | Offered knowledge of Iskenderun's Mystic Blast by Vehumet.
 12185 | D:9      | Learned a level 4 spell: Iskenderun's Mystic Blast
 12187 | D:9      | Learned a level 1 spell: Apportation
 12190 | D:9      | Learned a level 2 spell: Blink
 12265 | D:10     | Reached skill level 5 in Fighting
 12277 | D:10     | Found a hazy altar of Hepliaklqana.
 12293 | D:10     | HP: 3/80 [centaur/arrow (6)]
 12857 | D:10     | Reached skill level 1 in Dodging
 13314 | D:11     | Noticed Psyche
 13333 | D:11     | Reached XP level 12. HP: 78/88 MP: 12/12
 13356 | D:10     | Reached **** piety under Vehumet
 13462 | D:11     | Noticed Snorg
 13471 | D:11     | Killed Snorg
 13472 | D:11     | Reached skill level 5 in Armour
 13866 | D:11     | Reached skill level 1 in Conjurations
 13866 | D:11     | Reached skill level 1 in Translocations
 14027 | D:11     | Noticed a two-headed ogre
 14045 | D:11     | Killed a two-headed ogre
 14046 | D:11     | Reached skill level 1 in Spellcasting
 14454 | D:11     | Noticed Erica
 14621 | D:11     | Found a staircase to the Lair.
 14703 | D:12     | HP: 2/88 [troll (11)]
 14703 | D:12     | Slain by a troll

Illustrated notes

Levels and vault maps discovered:
D:1:      elethiomel_arrival_maze, layout_rooms, minmay_misc_feat_roman,
          chequers_arboretum
D:2:      layout_rooms, hellmonk_ecumenical_altar_crossroads, dk_noncrumbling_2
D:3:      layout_basic, nicolae_ru_sacrificial_ziggurat, minmay_diced_spiral
D:4:      layout_rooms, kennysheep_mini, mainiacjoe_overflow_alcove_2,
          lemuel_round_altar, enter_ossuary_2, kennysheep_pointless_box
D:5:      cheibrodos_fertilizer, layout_loops_cross, cheibriados_altar_1,
          cheibrodos_sewer_entry_sluice, uniq_ijyb, uniq_menkaure
D:6:      layout_basic
D:7:      hangedman_cross_stitches, layout_basic,
          eat_drink_and_be_merry_uskayaw, mainiacjoe_overflow_cross_hatched,
          kennysheep_little_box, minmay_temple_entry_overgrown,
          chequers_decorated_corner, hangedman_decor_lopped
D:8:      layout_loops_ring, mainiacjoe_overflow_small_starburst,
          grunt_ministairs_3, dreamdust_princess_bridge,
          nicolae_shop_unique_rings
D:9:      layout_stronghold, lightli_temple_of_fire, nemelex_spade_bored_becter,
          zombieorc2_lemuel, ploomutoo_gammafunk_ghost_potion_laboratory
D:10:     layout_cross, lemuel_tele_altar, serial_shops, shop,
          grunt_decor_one_mirror
D:11:     layout_stronghold, hellmonk_lair_entry_icy, uniq_psyche, uniq_snorg,
          uniq_erica, uniq_nergalle
D:12:     layout_basic, uniq_josephine
Temple:   hellmonk_temple_flake

Skill      XL: |  1  2  3  4  5  6  7  8  9 10 11 12 |
---------------+-------------------------------------+-----
Maces & Flails | 3 4 6 10 11 | 11.9
Shields        | 4 5 6 7 |  7.1
Staves         | 1 |  1.3
Evocations     | 4 9 10 | 10.0
Fighting       | 6 |  6.0
Dodging        | 3 4 |  4.0
Armour         | 4 5 |  5.0
Conjurations   | 3 |  3.0
Translocations | 2 |  2.5
Spellcasting   | 1 |  1.0

Action                     |  1- 3 |  4- 6 |  7- 9 | 10-12 || total
---------------------------+-------+-------+-------+-------++-------
  Melee: Flail             |    97 |   215 |    72 |    28 ||   412
         Whip              |       |       |   402 |   815 ||  1217
  Throw: Throwing net      |       |       |       |     1 ||     1
  Evoke: Wand              |       |       |    29 |    10 ||    39
         Lightning rod     |       |       |       |    11 ||    11
    Use: Scroll            |     1 |     5 |     4 |    13 ||    23
         Potion            |       |     1 |     4 |     9 ||    14
   Stab: Invisible         |       |       |       |     5 ||     5
         Paralysed         |       |       |       |    19 ||    19
         Distracted        |       |       |       |     1 ||     1
         Held in net/web   |       |       |       |     1 ||     1
 Armour: Scale mail        |    51 |       |       |       ||    51
         Ring mail         |    17 |   137 |   253 |   128 ||   535
         Skin              |       |    30 |       |    56 ||    86
         Acid dragon scale |       |       |       |   305 ||   305
  Dodge: Dodged            |    45 |   102 |   161 |   220 ||   528
  Block: Buckler           |    22 |    51 |    82 |   130 ||   285

Table legend: (Time is in decaauts)
 A = Elapsed time spent in this place.
 B = Non-inter-level travel time spent in this place.
 C = Inter-level travel time spent in this place.
 D = Time resting spent in this place.
 E = Time spent auto-exploring this place.
 F = Levels seen in this place.
 G = Mean time per level.
                   A        B        C        D        E       F      G
               +--------+--------+--------+--------+--------+-----+--------+
         Total |  14421 |  14032 |    389 |   4259 |   6694 |  15 |  961.4 |
       Dungeon |  13778 |  13399 |    379 |   4062 |   6502 |  12 | 1148.2 |
        Temple |     23 |     13 |     10 |      0 |      0 |   1 |   23.0 |
         Sewer |    189 |    189 |      0 |     75 |     68 |   1 |  189.0 |
       Ossuary |    429 |    429 |      0 |    122 |    124 |   1 |  429.0 |
               +--------+--------+--------+--------+--------+-----+--------+

Top non-repeatable levels by time:
     D:9: 2303 daAuts
     D:7: 1853 daAuts
     D:8: 1811 daAuts
     D:6: 1595 daAuts
     D:5: 1301 daAuts
    D:11: 1107 daAuts
     D:3: 866 daAuts
    D:10: 846 daAuts
     D:4: 762 daAuts
     D:2: 658 daAuts
     D:1: 643 daAuts
 Ossuary: 429 daAuts
   Sewer: 189 daAuts
    D:12: 28 daAuts
  Temple: 23 daAuts
